 Dungeon Crawl Stone Soup version 0.19.3-1-g3169bf9 (webtiles) character file.

259 ponk the Sneak (level 6, -6/39 HPs)
             Began as an Octopode Assassin on Jan 25, 2017.
             Was an Initiate of Dithmenos.
             Mangled by a phantom (10 damage)
             ... while paralysed
             ... on level 4 of the Dungeon.
             The game lasted 00:09:08 (3878 turns).

ponk the Sneak (Octopode Assassin)                  Turns: 3878, Time: 00:09:09

Health: -6/39      AC:  1    Str: 10    XL:     6   Next: 17%
Magic:  6/6        EV:  2    Int: 14    God:    Dithmenos [......]
Gold:   199        SH:  0    Dex: 15    Spells: 0 memorised, 5 levels left

rFire  . . .     SeeInvis .     a - +3 dagger
rCold  . . .     Gourm    .     (no shield)
rNeg   . . .     Faith    .     (helmet restricted)
rPois  .         Spirit   .     (no amulet)
rElec  .         Reflect  .     (no ring)
rCorr  .         Harm     .     (no ring)
MR     .....                    (no ring)
Stlth  +++++.....               (no ring)
                                (no ring)
                                (no ring)
                                (no ring)
                                (no ring)

@: paralysed, exhausted, slowed
A: almost no armour, stealthy swim, amphibious, 8 rings, constrict 8, camouflage
1, gelatinous body 1
a: Renounce Religion


You were on level 4 of the Dungeon.
You worshipped Dithmenos.
Dithmenos was noncommittal.
You were not hungry.

You visited 1 branch of the dungeon, and saw 4 of its levels.

You collected 199 gold pieces.

Inventory:

Hand Weapons
 a - a +3 dagger (weapon)
 b - a +0 blowgun
Missiles
 c - 8 poisoned needles
 d - 2 curare-tipped needles
 p - 2 throwing nets (quivered)
Jewellery
 l - a +3 ring of evasion {unknown}
Scrolls
 e - a scroll of enchant weapon
 g - 2 scrolls of remove curse
 m - a scroll of recharging {unknown}
 o - a scroll of teleportation {unknown}
 q - 2 scrolls of enchant armour {unknown}
 t - a scroll of random uselessness {unknown}
Potions
 h - 2 potions of curing
 i - 2 potions of agility
 n - a potion of flight
Comestibles
 f - 3 bread rations
 j - a beef jerky
 k - 3 meat rations
 r - a chunk of flesh
 u - a slice of pizza


   Skills:
 - Level 2.0 Fighting
 + Level 4.7 Short Blades
 - Level 2.0 Throwing
 - Level 1.0 Dodging
 + Level 7.9 Stealth


You had 5 spell levels left.
You didn't know any spells.

Dungeon Overview and Level Annotations

Branches:
Dungeon (4/15)
 Temple: D:4-7

Altars:
Dithmenos
Okawaru
Qazlal
Trog

Annotations:
D:4 dscm's ghost, amateur HOFi


Innate Abilities, Weirdness & Mutations

You cannot wear most types of armour.
You are very stealthy in the water. (Stealth+)
You are amphibious.
You can wear up to eight rings at the same time.
You can use your tentacles to constrict eight enemies at once.
Your skin changes colour to match your surroundings (Stealth+).
Your rubbery body absorbs attacks. (AC +1, EV +1)


Message History

The phantom is moderately damaged.
You hit the phantom.
The phantom is moderately damaged.
The adder skeleton misses you.
The phantom blinks!
You hit the adder skeleton. Your grab misses the adder skeleton.
You squeeze the adder skeleton!
You destroy the adder skeleton!
Dithmenos accepts your kill.
You puncture the phantom! You squeeze the phantom!
The phantom is almost destroyed.
You hear the rusting of a drain nearby.
The phantom blinks!
You are too injured to fight recklessly!
You are too injured to fight recklessly!
You feel a strong urge to attack something.
You are no longer berserk.
You pass out from exhaustion.
You feel yourself slow down.
The phantom blinks!
The phantom hits you!
You die...

...........................#
.........................#.######
....####.####....................
#...##.....##.###...#..........#
....#.......#..###..#............
###.#.......#..###...............
#....)_.........<##...[........
....#.?.....#...................#
#...#.......#...@W...#..###.#####
###.##?....##...........##..#
#.####.####..............## #..
........#.............#
...####.##.##..........##.# .#
.##. ######........# . .......###
# ##...##.# .....#.<.


You could see a phantom.

Vanquished Creatures
  A hound (D:3)
  Crazy Yiuf (D:2)
  Ijyb (D:2)
  6 adders
  3 oozes
  An adder skeleton (D:4)
  2 worms
  5 dart slugs
  3 leopard geckos
  6 bats
  2 giant cockroaches (D:3)
  10 hobgoblins
  A jackal (D:3)
  9 kobolds
  4 quokkas
  A ball python (D:2)
  2 frilled lizards (D:2)
  6 goblins
  40 rats
104 creatures vanquished.

Notes
Turn   | Place    | Note
-------+----------+-------------------------------------------
     0 | D:1      | ponk the Octopode Assassin began the quest for the Orb.
     0 | D:1      | Reached XP level 1. HP: 14/14 MP: 1/1
    91 | D:1      | Reached XP level 2. HP: 17/19 MP: 2/2
   586 | D:1      | Reached skill level 6 in Stealth
   586 | D:1      | Reached XP level 3. HP: 23/24 MP: 3/3
  1466 | D:2      | Reached XP level 4. HP: 29/29 MP: 4/4
  1619 | D:2      | Noticed Ijyb
  1626 | D:2      | Killed Ijyb
  1862 | D:2      | Reached skill level 7 in Stealth
  2124 | D:2      | Reached XP level 5. HP: 26/34 MP: 5/5
  2306 | D:2      | Found a runed door.
  2600 | D:2      | Noticed Crazy Yiuf
  2604 | D:2      | Killed Crazy Yiuf
  2647 | D:3      | Found a bloodstained altar of Trog.
  2647 | D:3      | Found an iron altar of Okawaru.
  2657 | D:3      | Found a stormy altar of Qazlal.
  3703 | D:4      | Reached XP level 6. HP: 39/39 MP: 6/6
  3718 | D:4      | Noticed dscm's ghost (amateur HOFi)
  3825 | D:4      | Noticed a phantom
  3847 | D:4      | Found a shadowy altar of Dithmenos.
  3853 | D:4      | Became a worshipper of Dithmenos the Shadowed
  3878 | D:4      | Mangled by a phantom

Skill      XL: |  1  2  3  4  5 |
---------------+----------------+-----
Stealth        | 6 7 |  7.9
Short Blades   | 3 4 |  4.7
Fighting       | |  2.0
Throwing       | |  2.0
Dodging        | |  1.0

Action                   |  1- 3 |  4- 6 || total
-------------------------+-------+-------++-------
Melee: Dagger            |    53 |   145 ||   198
       Tentacles         |    11 |    27 ||    38
       Constrict         |     9 |    33 ||    42
  Use: Scroll            |       |     7 ||     7
       Potion            |       |     1 ||     1
 Stab: Sleeping          |    12 |    17 ||    29
       Distracted        |       |     2 ||     2
  Eat: Chunk             |     2 |     7 ||     9
Armor: Skin              |     3 |     8 ||    11
Dodge: Dodged            |    16 |    67 ||    83
